 Dungeon Crawl Stone Soup version 0.22.0 (webtiles) character file.

105 Matudinoluver the Firebug (level 4, -1/34 HPs)
             Began as a Hill Orc Fire Elementalist on Sept 6, 2018.
             Slain by a gnoll
             ... wielding a +0 spear
              (8 damage)
             ... on level 3 of the Dungeon.
             The game lasted 00:22:54 (2642 turns).

Matudinoluver the Firebug (HOFE)                    Turns: 2642, Time: 00:22:55

Health: -1/34      AC:  3    Str: 10    XL:     4   Next: 81%
Magic:  0/7        EV: 12    Int: 16    God:
Gold:   115        SH:  0    Dex: 11    Spells: 1/7 levels left

rFire    . . .     SeeInvis .   d - +1 mace (venom)
rCold    . . .     Gourm    .   (no shield)
rNeg     . . .     Faith    .   a - +0 robe
rPois    .         Spirit   .   (no helmet)
rElec    .         Reflect  .   e - +0 cloak
rCorr    .         Harm     .   (no gloves)
MR       .....                  (no boots)
Stlth    ++........             (no amulet)
HPRegen  0.11/turn              (no ring)
MPRegen  0.10/turn              (no ring)

@: no status effects
A: no striking features
a: no special abilities


You were on level 3 of the Dungeon.
You were not hungry.

You visited 1 branch of the dungeon, and saw 3 of its levels.

You collected 115 gold pieces.

Inventory:

Hand Weapons
 d - a +1 mace of venom (weapon)
 q - a +0 blowgun
Missiles
 j - 96 stones (quivered)
 n - 5 curare-tipped needles
 p - 15 poisoned needles
Armour
 a - a +0 robe (worn)
 e - a +0 cloak (worn)
 t - a +0 scale mail of fire resistance
Scrolls
 f - a scroll of identify
 g - a scroll of enchant weapon
 l - a scroll of fog
 s - a scroll of blinking
Potions
 b - a potion of agility {unknown}
 h - 2 potions of ambrosia
 k - a potion of cancellation {unknown}
 m - 3 potions of lignification
 o - a potion of berserk rage
Comestibles
 c - 8 rations
 r - 4 chunks of flesh


   Skills:
 + Level 0.3 Fighting
 + Level 0.7 Maces & Flails
 + Level 0.2 Armour
 + Level 2.0 Dodging
 + Level 1.7 Stealth
 + Level 2.3 Spellcasting
 + Level 1.5 Conjurations
 + Level 4.4 Fire Magic


You had one spell level left.
You knew the following spells:

 Your Spells              Type           Power        Failure   Level  Hunger
a - Flame Tongue          Conj/Fire      ##...        6%          1    #......
b - Throw Flame           Conj/Fire      ##....       9%          2    ###....
c - Conjure Flame         Conj/Fire      ##......     17%         3    ###....

Your spell library contained the following spells:

 Spells                   Type           Power        Failure   Level  Hunger
 Fireball                 Conj/Fire      ##........   85%         5    ######.
 Sticky Flame             Conj/Fire      ##......     50%         4    #####..
 Inner Flame              Hex/Fire       #.......     24%         3    ###....


Dungeon Overview and Level Annotations

Branches:
Dungeon (3/15)

Altars:


Message History

As you read the scroll labeled VUX PES DAIRPH, it crumbles to dust.
It is a scroll of enchant weapon.
Your +0 mace of venom glows red for a moment.
The goblin throws a stone.
The stone barely misses you.
As you read the scroll labeled LOIRYO YBLINN, it crumbles to dust.
It is a scroll of amnesia.
Okay, then.
The gnoll hits you from afar with a spear.
The goblin throws a stone.
The stone misses you. The gnoll closely misses you.
The gnoll hits you from afar with a spear.
You see here 2 stones.
You closely miss the gnoll. The gnoll hits you with a spear.
The gnoll hits you from afar with a spear.
The gnoll barely misses you. The gnoll hits you with a spear.
The gnoll hits you.
You closely miss the gnoll. The gnoll hits you with a spear.
* * * LOW HITPOINT WARNING * * *
The gnoll hits you from afar with a spear!
You die...

#..##......#.#
####..##........ .....
#............... .#.#
#.###.#.......# ...
##.#⌠#.........# ..
#..###.......÷.#####.##
##.....................##
#..###......ggg..###....#
#.## #.....@g.).......#
##.####......#'##..#.....#...
#........#.#.#.##.###...###..
#............#.##..#..#..#...
#........#.#...###...###.....
#...)..........####.## #...#
######...............## ..##
#........>....#..# ..
#............###..


You could see 3 gnolls and a goblin.

Vanquished Creatures
  A gnoll (D:3)
  3 adders (D:2)
  A worm (D:3)
  A dart slug (D:2)
  2 leopard geckos (D:3)
  2 orcs
  2 giant cockroaches
  12 goblins
  3 hobgoblins
  6 jackals
  A quokka (D:3)
  5 bats
  3 frilled lizards
  9 kobolds
  9 rats
  2 plants (D:2)
62 creatures vanquished.

Notes
Turn   | Place    | Note
-------+----------+-------------------------------------------
     0 | D:1      | Matudinoluver the Hill Orc Fire Elementalist began the quest for the Orb.
     0 | D:1      | Reached XP level 1. HP: 14/14 MP: 3/3
   360 | D:1      | Reached XP level 2. HP: 20/20 MP: 2/4
  1039 | D:2      | Reached XP level 3. HP: 19/26 MP: 4/6
  1042 | D:2      | Reached skill level 4 in Fire Magic
  1509 | D:2      | Learned a level 2 spell: Throw Flame
  1576 | D:2      | Reached XP level 4. HP: 25/33 MP: 0/7
  2491 | D:3      | Learned a level 3 spell: Conjure Flame
  2642 | D:3      | Slain by a gnoll

Skill      XL: |  1  2  3  4 |
---------------+-------------+-----
Spellcasting   | 2 |  2.3
Fire Magic     | 4 |  4.4
Dodging        | 2 |  2.0
Fighting       | |  0.3
Maces & Flails | |  0.7
Armour         | |  0.2
Stealth        | |  1.7
Conjurations   | |  1.5

Action                   |  1- 3 |  4- 6 || total
-------------------------+-------+-------++-------
Melee: Mace              |    86 |    46 ||   132
Throw: Stone             |     1 |       ||     1
 Cast: Flame Tongue      |    37 |     7 ||    44
       Throw Flame       |     3 |    22 ||    25
       Conjure Flame     |       |     1 ||     1
  Use: Scroll            |    10 |     2 ||    12
       Potion            |     4 |       ||     4
  Eat: Chunk             |     3 |     2 ||     5
       Ration            |       |     1 ||     1
Armor: Robe              |    17 |    20 ||    37
       Scale mail        |     5 |       ||     5
Dodge: Dodged            |    60 |    65 ||   125
